 Dungeon Crawl Stone Soup version 0.27-a0-1187-ge80a49f48c (webtiles) character file.

Game seed: 11806951008104151911

1549 Ijustatesigmund the Cleaver (level 8, -3/74 HPs)
             Began as a Hill Orc Fighter on May 20, 2021.
             Killed from afar by an electric eel (10 damage)
             ... with a bolt of electricity
             ... on level 6 of the Dungeon.
             The game lasted 00:09:36 (6140 turns).

Ijustatesigmund the Cleaver (Hill Orc Fighter)      Turns: 6140, Time: 00:09:38

Health: -3/74      AC: 11    Str: 19    XL:     8   Next: 87%
Magic:  8/8        EV:  7    Int:  8    God:
Gold:   266        SH: 10    Dex: 12    Spells: 7/7 levels left

rFire    . . .     SeeInvis .   a - +1 war axe
rCold    . . .     Faith    .   c - +0 kite shield
rNeg     . . .     Spirit   .   b - +0 scale mail
rPois    .         Reflect  .   e - +2 hat
rElec    .         Harm     .   (no cloak)
rCorr    .         Rampage  .   (no gloves)
Will     .....                  m - +1 pair of boots {Stlth+}
Stlth    +.........             (no amulet)
HPRegen  0.22/turn              (no ring)
MPRegen  0.11/turn              (no ring)

@: no status effects
A: no striking features
a: no special abilities


You were on level 6 of the Dungeon.
You visited 2 branches of the dungeon, and saw 7 of its levels.

You collected 266 gold pieces.

Inventory:

Hand Weapons
 a - a +1 war axe (weapon)
Missiles
 l - 6 atropa-tipped darts (quivered)
Armour
 b - a +0 scale mail (worn)
 c - a +0 kite shield (worn)
 e - a +2 hat (worn)
 m - a +1 pair of boots of stealth (worn)
Jewellery
 h - a ring of protection from cold
Wands
 d - a wand of charming (19)
 o - a wand of polymorph (7)
Potions
 f - a potion of ambrosia
 g - 2 potions of curing
 i - a potion of lignification
 j - a potion of heal wounds {unknown}
 k - a potion of berserk rage {unknown}
 n - a potion of resistance {unknown}
 p - 2 potions of might


   Skills:
 + Level 7.8 Fighting
 + Level 9.6 Axes
 - Level 5.5 Armour
 + Level 0.0 Dodging
 - Level 5.5 Shields


You had 7 spell levels left.
You didn't know any spells.
Your spell library contained the following spells:

 Spells                   Type           Power      Damage    Failure   Level
 Animate Skeleton         Necr           0%         N/A       99%         1
 Apportation              Tloc           0%         N/A       99%         1
 Corona                   Hex            0%         N/A       99%         1
 Summon Small Mammal      Summ           0%         N/A       99%         1


Dungeon Overview and Level Annotations

Branches:
Dungeon (6/15)             Temple (1/1) D:4

Altars:
Ashenzari
Cheibriados
Elyvilon
Fedhas
Gozag
Hepliaklqana
Kikubaaqudgha
Makhleb
Nemelex Xobeh
Okawaru
Qazlal
Ru
Sif Muna
Trog
Uskayaw
Vehumet
Wu Jian
Xom
Yredelemnul
Zin
The Shining One


Message History

The white imp moves out of view.
You hit the white imp.
The white imp is lightly wounded.
The white imp hits you but does no damage.
The white imp barely misses you.
You slash the white imp!
The white imp is almost dead.
The electric eel is no longer blind.
You block the white imp's attack.
You hit the white imp.
You kill the white imp!
The electric eel shoots out a bolt of lightning at you!
The bolt of electricity hits you!
The electric eel shoots out a bolt of lightning at you!
The bolt of electricity hits you!
Found a metallic red potion.
The electric eel shoots out a bolt of lightning at you!
The bolt of electricity hits you. x2
The bolt of electricity hits the electric eel.
The electric eel completely resists.
The electric eel shoots out a bolt of lightning at you!
The bolt of electricity hits you. The bolt of electricity hits you!
The bolt of electricity hits the electric eel.
The electric eel completely resists.
You closely miss the electric eel.
The electric eel shoots out a bolt of lightning at you!
The bolt of electricity hits you.
* * * LOW HITPOINT WARNING * * *
The bolt of electricity hits you.
* * * LOW HITPOINT WARNING * * *
The bolt of electricity hits the electric eel.
The electric eel completely resists.
You slash the electric eel!
The electric eel is severely wounded.
You closely miss the electric eel.
The electric eel is severely wounded.
The electric eel shoots out a bolt of lightning at you!
The bolt of electricity hits you!
* * * LOW HITPOINT WARNING * * *
The bolt of electricity hits you!
You die...

≈≈≈≈≈≈ ≈≈≈≈≈≈
≈≈≈≈≈≈ #####
≈≈≈≈≈≈#####≈≈≈≈≈
≈≈≈≈≈≈≈≈≈≈≈≈≈≈≈≈
≈≈≈≈≈≈≈≈≈≈≈≈≈≈≈≈
..≈≈≈.≈;≈.≈≈≈.≈≈
.......@....!...
................
####.###.######
#.....####
########
#####....##
#......#
###...###.####.##
##.....##.#.....#
#.......>...##...
##.....##.####.##


You could see an electric eel.

Vanquished Creatures
  Grinder (D:3)
  3 yaks
  A necrophage (D:4)
  An ogre (D:5)
  A wyvern skeleton (D:5)
  A jelly (D:5)
  4 hounds
  An orc priest (D:5)
  A centaur skeleton (D:5)
  Jessica (D:3)
  An iguana (D:5)
  Ijyb (D:3)
  3 orc wizards
  A killer bee zombie (D:6)
  A hound skeleton (D:5)
  12 adders
  A howler monkey skeleton (D:4)
  2 white imps
  2 worms
  An adder skeleton (D:4)
  A dart slug (D:3)
  15 orcs
  7 ball pythons
  A bat zombie (D:2)
  6 endoplasms
  A giant cockroach (D:3)
  9 goblins
  5 hobgoblins
  3 jackals
  5 kobolds
  3 quokkas
  A ball python skeleton (D:2)
  5 bats
  5 frilled lizards
  2 quokka zombies (D:2)
  4 rats
113 creatures vanquished.

Vanquished Creatures (collateral kills)
  A hound (D:5)
  A quokka (D:5)
2 creatures vanquished.

Vanquished Creatures (others)
  A centaur (D:5)
  A bullfrog zombie (D:5)
  2 fungi (D:1)
  A withered plant (D:2)
5 creatures vanquished.

Grand Total: 120 creatures vanquished

Notes
Turn   | Place    | Note
-------+----------+-------------------------------------------
     0 | D:1      | Ijustatesigmund the Hill Orc Fighter began the quest for
                  | the Orb.
     0 | D:1      | Reached XP level 1. HP: 19/19 MP: 1/1
   395 | D:1      | Reached skill level 3 in Axes
   445 | D:1      | Reached XP level 2. HP: 27/27 MP: 2/2
   551 | D:1      | Found a faded altar of an unknown god.
  1003 | D:2      | Reached skill level 4 in Axes
  1046 | D:2      | Reached XP level 3. HP: 33/33 MP: 3/3
  1381 | D:2      | Reached XP level 4. HP: 41/41 MP: 4/4
  1385 | D:2      | Reached skill level 5 in Axes
  1981 | D:3      | Noticed Ijyb
  1986 | D:3      | Killed Ijyb
  1987 | D:3      | Reached XP level 5. HP: 47/47 MP: 5/5
  2030 | D:3      | Noticed Grinder
  2039 | D:3      | Reached skill level 5 in Fighting
  2039 | D:3      | Reached skill level 6 in Axes
  2048 | D:3      | Paralysed by Grinder for 7 turns
  2060 | D:3      | Killed Grinder
  2061 | D:3      | Reached skill level 7 in Axes
  2061 | D:3      | Reached XP level 6. HP: 49/57 MP: 6/6
  2698 | D:3      | Noticed Jessica
  2703 | D:3      | Killed Jessica
  3008 | D:4      | Reached skill level 8 in Axes
  3008 | D:4      | Reached XP level 7. HP: 46/63 MP: 7/7
  3147 | D:4      | Found a staircase to the Ecumenical Temple.
  3165 | Temple   | Entered the Ecumenical Temple
  3593 | D:5      | Entered Level 5 of the Dungeon
  3593 | D:5      | Noticed a yak
  3593 | D:5      | Noticed a yak
  3593 | D:5      | Noticed a yak
  3605 | D:4      | Killed a yak
  3994 | D:4      | Killed a yak
  3995 | D:4      | Reached XP level 8. HP: 70/71 MP: 8/8
  4007 | D:5      | Killed a yak
  4008 | D:5      | Reached skill level 9 in Axes
  4307 | D:5      | Reached skill level 5 in Armour
  4307 | D:5      | Reached skill level 5 in Shields
  4511 | D:5      | Found a shimmering altar of Xom.
  4513 | D:5      | Found a glowing silver altar of Zin.
  4513 | D:5      | Found a shimmering blue altar of Sif Muna.
  4517 | D:5      | Found a white marble altar of Elyvilon.
  4517 | D:5      | Found a sparkling altar of Nemelex Xobeh.
  4517 | D:5      | Found a hide-covered altar of Uskayaw.
  4788 | D:5      | Found a white marble altar of Elyvilon.
  5151 | D:5      | Found a burning altar of Makhleb.
  5313 | D:5      | Found a shimmering blue altar of Sif Muna.
  5969 | D:5      | Found a bloodstained altar of Trog.
  6140 | D:6      | Killed from afar by an electric eel

Illustrated notes

Levels and vault maps discovered:
D:1:      elethiomel_arrival_maze, layout_basic,
          hellmonk_ecumenical_altar_inner_sanctum,
          corexii_item_surrounded_by_moat, minmay_shallow_snake_nest
D:2:      layout_basic, serial_undead, serial_undead_e, serial_undead_f,
          serial_undead_f, serial_undead_f
D:3:      layout_basic, kennysheep_generic_room_14, uniq_jessica, uniq_ijyb,
          uniq_grinder
D:4:      layout_rooms, minmay_temple_entry_mini_moons
D:5:      layout_layer_cave, doesnt_xom_only_xom, general_overflow_altar,
          nicolae_overflow_hidden_temple, minmay_increasing_density
D:6:      minmay_goblin_kobold_castle, layout_loops_cross, st_stairs_2,
          uniq_duvessa
Temple:   compressed_dpeg_circular_temple

Skill      XL: |  1  2  3  4  5  6  7  8 |
---------------+-------------------------+-----
Axes           | 3 4 5 7 8 9 |  9.6
Fighting       | 4 5 6 7 |  7.8
Armour         | 4 5 |  5.5
Shields        | 4 5 |  5.5

Action                   |  1- 3 |  4- 6 |  7- 9 || total
-------------------------+-------+-------+-------++-------
Melee: War axe           |    81 |   109 |   132 ||   322
Throw: Dart              |       |       |     7 ||     7
Evoke: Wand              |       |       |     2 ||     2
  Use: Scroll            |     3 |       |     5 ||     8
       Potion            |       |     3 |     1 ||     4
 Stab: Distracted        |       |       |     1 ||     1
Armor: Scale mail        |    36 |    58 |    53 ||   147
Dodge: Dodged            |    22 |    34 |    48 ||   104
Block: Kite shield       |    45 |    53 |    80 ||   178

Table legend: (Time is in decaauts)
 A = Elapsed time spent in this place.
 B = Non-inter-level travel time spent in this place.
 C = Inter-level travel time spent in this place.
 D = Time resting spent in this place.
 E = Time spent auto-exploring this place.
 F = Levels seen in this place.
 G = Mean time per level.
                   A        B        C        D        E       F      G
               +--------+--------+--------+--------+--------+-----+--------+
         Total |   6269 |   6176 |     93 |   1026 |   4268 |   7 |  895.6 |
       Dungeon |   6183 |   6099 |     84 |   1026 |   4192 |   6 | 1030.5 |
        Temple |     85 |     76 |      9 |      0 |     76 |   1 |   85.0 |
               +--------+--------+--------+--------+--------+-----+--------+

Top non-repeatable levels by time:
     D:5: 2085 daAuts
     D:3: 1121 daAuts
     D:2: 990 daAuts
     D:1: 971 daAuts
     D:4: 914 daAuts
     D:6: 101 daAuts
  Temple: 85 daAuts
